 Dungeon Crawl Stone Soup version 0.31.0 (webtiles) character file.

Game seed: 4275581411970486300

374 qw the Shooter (level 6, -2/38 HPs)
             Began as a Gargoyle Hunter on Jan 19, 2024.
             Slain by Pikel
             ... wielding a +2 whip of electrocution
              (4 damage)
             ... on level 4 of the Dungeon.
             The game lasted 00:00:14 (2825 turns).

qw the Shooter (Gargoyle Hunter)                    Turns: 2825, Time: 00:00:15

Health: -2/38      AC: 12    Str: 14    XL:     6   Next: 72%
Magic:  6/6        EV: 10    Int: 10    God:
Gold:   223        SH:  0    Dex: 15    Spells: 5/5 levels left

rFire   + . .        a - +0 shortbow
rCold   + . .        (shield currently unavailable)
rNeg    + . .        l - +0 ring mail
rPois   inf          (no helmet)
rElec   +            f - scarf {rC+ rF+}
rCorr   .            h - +1 pair of gloves
SInv    .            g - +0 pair of boots
Will    .....        (no amulet)
Stlth   +            (no ring)
HPRegen 0.26/turn    (no ring)
MPRegen 0.10/turn

%: no passive effects
@: no status effects
A: sickness immunity, AC +4, negative energy resistance 1, electricity
resistance, torment resistance 1, petrification resistance
a: no special abilities


You were on level 4 of the Dungeon.
You visited 1 branch of the dungeon, and saw 4 of its levels.

You collected 223 gold pieces.


Innate Abilities, Weirdness & Mutations

You are immune to sickness and miasma.
Your stone body is resilient. (AC +4)
You are immune to poison.
You resist negative energy. (rN+)
You are resistant to electric shocks. (rElec)
You are resistant to unholy torment.
You are immune to petrification.


   Skills:
 - Level 4.1 Fighting
 - Level 7.0 Ranged Weapons
 + Level 1.0 Armour
 - Level 1.5 Dodging
 - Level 1.1 Stealth


You had 5 spell levels left.
You didn't know any spells.
Your spell library was empty.

Inventory:

Hand Weapons
 a - a +0 shortbow (weapon)
Armour
 f - a scarf of resistance (worn)
 g - a +0 pair of boots (worn)
 h - a +1 pair of gloves (worn)
 l - a +0 ring mail (worn)
Jewellery
 k - a ring of ice
Wands
 m - a wand of roots (2)
Potions
 b - a potion of enlightenment
 d - a potion of curing
 e - a potion of heal wounds {unknown}
 i - a potion of mutation
 j - a potion of brilliance {unknown}

Dungeon Overview and Level Annotations

Branches:
Dungeon (4/15)
 Temple: D:4-7

Altars:

Annotations:
D:2 Natasha
D:4 Pikel


Message History

A lemure comes into view.
2814 ||| RETREEEEATING.
Pikel attacks as he pursues you!
Pikel hits you with a +2 whip of electrocution.
2815 ||| RETREEEEATING.
2816 ||| RETREEEEATING.
You shoot an arrow. The arrow hits Pikel.
Pikel is lightly wounded.
Pikel hits you with a +2 whip of electrocution.
You shoot an arrow.
The arrow hits Pikel but does no damage.
Pikel is lightly wounded.
Pikel hits you with a +2 whip of electrocution.
You shoot an arrow. The arrow hits Pikel.
Pikel is moderately wounded.
Pikel hits you with a +2 whip of electrocution.
You shoot an arrow. The arrow closely misses Pikel.
The arrow hits the lemure!
You kill the lemure!
That felt strangely unrewarding.
Pikel closely misses you.
Pikel hits you with a +2 whip of electrocution.
You shoot an arrow.
The arrow hits Pikel but does no damage.
Pikel is moderately wounded.
Pikel barely misses you.
You shoot an arrow. The arrow hits Pikel!
Pikel is heavily wounded.
Pikel hits you with a +2 whip of electrocution.
You shoot an arrow. The arrow hits Pikel.
Pikel is heavily wounded.
Pikel hits you with a +2 whip of electrocution!
You shoot an arrow. The arrow hits Pikel.
Pikel is heavily wounded.
Pikel hits you with a +2 whip of electrocution.
You shoot an arrow.
The arrow hits Pikel but does no damage.
Pikel is heavily wounded.
Pikel hits you with a +2 whip of electrocution.
You die...
Pikel says, "See you in Hell!"

#......#######.........
##..###.# #...<..... #.
##.# ########.. ###..
##..# # .....##..######
...............(
..####..########
####5#########
#.g55K@.......
#....##r#####.###
......####.# ..##.# #.#
#. #.. # ..# #<# #.#


You could see Pikel, 3 lemures, a quokka and a hobgoblin.

Vanquished Creatures
  A black bear (D:3)
  A lemure (D:4)
  A bombardier beetle (D:4)
  Terence (D:2)
  Jessica (D:2)
  Ijyb (D:3)
  Natasha (twice) (D:2)
  5 adders
  4 dart slugs
  A ribbon worm (D:3)
  An orc (D:3)
  4 bats
  9 endoplasms
  A giant cockroach (D:3)
  8 goblins
  5 hobgoblins
  4 jackals
  5 kobolds
  5 quokkas
  7 ball pythons
  A frilled lizard (D:2)
  4 rats
72 creatures vanquished.

Notes
Turn   | Place    | Note
-------+----------+-------------------------------------------
     0 | D:1      | qw the Gargoyle Hunter began the quest for the Orb.
     0 | D:1      | Reached XP level 1. HP: 12/12 MP: 1/1
     0 | D:1      | 0 ||| qw: Version: 0.3-a-132-g3d54051
     0 | D:1      | 0 ||| qw: Game counter: 97
     0 | D:1      | 0 ||| qw: Melee chars always use a shield: true
     0 | D:1      | 0 ||| qw: God list: Okawaru
     0 | D:1      | 0 ||| qw: Allow faded altars: false
     0 | D:1      | 0 ||| qw: Do Orc after clearing Dungeon:15 true
     0 | D:1      | 0 ||| qw: Do second Lair branch before Depths: true
     0 | D:1      | 0 ||| qw: Lair rune preference: random
     0 | D:1      | 0 ||| qw: Goals: Normal
     0 | D:1      | 0 ||| PLANNING D:1-11
   139 | D:1      | Reached XP level 2. HP: 17/17 MP: 2/2
   572 | D:1      | Reached XP level 3. HP: 21/21 MP: 3/3
   601 | D:1      | Reached skill level 5 in Ranged Weapons
   655 | D:1      | 655 ||| UPGRADING to scarf of resistance.
   660 | D:1      | 660 ||| UPGRADING to +0 pair of gloves.
   665 | D:1      | 665 ||| READING scroll labelled MOYVON UBLUC.
   666 | D:1      | 666 ||| READING 2 scrolls labelled VIUBEU EDOTUL.
   767 | D:1      | 767 ||| READING 2 scrolls labelled CIORYFIBUY.
   767 | D:1      | 767 ||| IDENTIFYING sapphire potion
   768 | D:1      | 768 ||| READING scroll of identify.
   768 | D:1      | 768 ||| IDENTIFYING inky potion
   769 | D:1      | 769 ||| DROPPING scroll of butterflies.
   770 | D:1      | 770 ||| DROPPING scroll of vulnerability.
   899 | D:2      | Noticed Terence
   900 | D:2      | 900 ||| READING scroll of identify.
   900 | D:2      | 900 ||| IDENTIFYING scroll labelled RUAJ MODDOTU
   901 | D:2      | 901 ||| DROPPING scroll of fear.
   915 | D:2      | Killed Terence
   916 | D:2      | Reached skill level 3 in Fighting
   916 | D:2      | Reached XP level 4. HP: 17/28 MP: 4/4
   916 | D:2      | 916 ||| FLEEEEING.
  1037 | D:2      | Noticed Natasha
  1040 | D:2      | 1040 ||| FLEEEEING.
  1041 | D:2      | 1041 ||| FLEEEEING.
  1043 | D:2      | 1043 ||| FLEEEEING.
  1044 | D:2      | 1044 ||| FLEEEEING.
  1045 | D:2      | 1045 ||| FLEEEEING.
  1046 | D:2      | 1046 ||| FLEEEEING.
  1047 | D:2      | 1047 ||| FLEEEEING.
  1048 | D:2      | 1048 ||| FLEEEEING.
  1058 | D:2      | Killed Natasha
  1066 | D:2      | Noticed Natasha
  1067 | D:2      | 1067 ||| FLEEEEING.
  1071 | D:2      | Killed Natasha
  1179 | D:2      | Noticed Jessica
  1186 | D:2      | Killed Jessica
  1187 | D:2      | Reached XP level 5. HP: 30/32 MP: 5/5
  1360 | D:2      | Reached skill level 6 in Ranged Weapons
  1680 | D:2      | Noticed Natasha
  1750 | D:2      | 1750 ||| UPGRADING to +0 pair of boots.
  1755 | D:2      | 1755 ||| READING scroll labelled ANIAPO WEZIH.
  1756 | D:2      | 1756 ||| READING scroll labelled UDGHYE AFFISHA.
  1756 | D:2      | 1756 ||| ENCHANTING +0 pair of gloves.
  1825 | D:3      | Reached skill level 1 in Armour
  2013 | D:3      | Found a faded altar of an unknown god.
  2067 | D:3      | Noticed Ijyb
  2087 | D:3      | HP: 5/33 [constriction (4)]
  2090 | D:3      | Killed Ijyb
  2091 | D:3      | 2091 ||| FLEEEEING.
  2266 | D:3      | Reached XP level 6. HP: 38/38 MP: 6/6
  2583 | D:3      | 2583 ||| UPGRADING to +0 ring mail.
  2593 | D:3      | 2593 ||| DROPPING +0 leather armour.
  2594 | D:3      | 2594 ||| READING scroll labelled CAHYUJIUNU.
  2595 | D:3      | 2595 ||| FLEEEEING.
  2625 | D:3      | 2625 ||| DRINKING 2 coppery potions.
  2668 | D:4      | Noticed a black bear
  2672 | D:4      | 2672 ||| STAIRDANCE
  2681 | D:3      | Killed a black bear
  2682 | D:3      | 2682 ||| FLEEEEING.
  2690 | D:3      | 2690 ||| STAIRDANCE
  2721 | D:4      | 2721 ||| STAIRDANCE
  2736 | D:3      | 2736 ||| FLEEEEING.
  2744 | D:3      | 2744 ||| STAIRDANCE
  2769 | D:4      | Reached skill level 7 in Ranged Weapons
  2799 | D:4      | Noticed Pikel
  2800 | D:4      | 2800 ||| RETREEEEATING.
  2801 | D:4      | 2801 ||| RETREEEEATING.
  2814 | D:4      | 2814 ||| RETREEEEATING.
  2815 | D:4      | 2815 ||| RETREEEEATING.
  2816 | D:4      | 2816 ||| RETREEEEATING.
  2823 | D:4      | HP: 4/38 [Pikel/+2 whip of electrocution (7)]
  2825 | D:4      | Slain by Pikel

Levels and vault maps discovered:
D:1:      amcnicky_arrival_underground_garden, layout_basic
D:2:      layout_loops_corners, nicolae_the_louvre, uniq_terence, uniq_natasha,
          uniq_jessica
D:3:      layout_loops_ring, hellmonk_ecumenical_altar_dog_temple,
          grunt_ministairs_14, uniq_ijyb
D:4:      layout_rooms, minivault_1, uniq_robin, uniq_pikel

Skill      XL: |  1  2  3  4  5  6 |
---------------+-------------------+-----
Ranged Weapons | 5 6 7 |  7.0
Fighting       | 3 4 |  4.1
Armour         | 1 |  1.0
Dodging        | |  1.5
Stealth        | |  1.1

Action                     |  1- 3 |  4- 6 || total
---------------------------+-------+-------++-------
   Fire: Shortbow          |    65 |   199 ||   264
    Use: Scroll            |     5 |     3 ||     8
         Potion            |       |     1 ||     1
 Armour: Leather armour    |    16 |    45 ||    61
         Skin              |       |     3 ||     3
         Ring mail         |       |    44 ||    44
  Dodge: Dodged            |    12 |    78 ||    90

Table legend:
 A = Non-vault XP
 B = Vault XP
 C = Vault XP percentage of total XP
 D = Non-vault monster count
 E = Vault monster count
 F = Vault count percentage of total count
                 A         B        C        D         E       F
            +---------+---------+-------+---------+---------+-------
      Total |     383 |     152 |  28.4 |      64 |       7 |   9.9
            +---------+---------+-------+---------+---------+-------
        D:1 |      39 |       0 |   0.0 |      19 |       0 |   0.0
        D:2 |      80 |     110 |  57.9 |      21 |       3 |  12.5
        D:3 |     222 |      42 |  15.9 |      23 |       4 |  14.8
        D:4 |      42 |       0 |   0.0 |       1 |       0 |   0.0
            +---------+---------+-------+---------+---------+-------
